TOP OF THE 1ST |
El Paso Sun Kings batting - Pitching for El Paso Chihuahuas : RHP Alejandro Pena
|
Pitching: RHP Alejandro Pena
|
|
Batting: LHB Stanley Hendrickson
|
0-0: Ball 1-0: Called Strike 1-1: Called Strike 1-2: Foul Ball, location: 2F 1-2: Ball 2-2: Ball 3-2: Base on Balls
|
Batting: LHB Franklin Lopez
|
0-0: Ball Stanley Hendrickson steals 2nd, throwing error, E2 Stanley Hendrickson to third 1-0: Ball 2-0: SINGLE (Groundball, 4D, EV 103.8 MPH) Stanley Hendrickson scores
|
Batting: LHB Scott Bradley
|
0-0: Ball 1-0: Foul Ball, location: 2F 1-1: Called Strike 1-2: SINGLE (Groundball, 3S, EV 64.4 MPH) (infield hit) Franklin Lopez to second
|
Batting: SHB Keith Thrower
|
0-0: Foul Ball, location: 2F 0-1: Ground out 4-3 (Groundball, 34D, EV 97.5 MPH) Franklin Lopez to third Scott Bradley to second
|
Batting: RHB Jon Hansen
|
0-0: Foul Ball, location: 2F 0-1: Foul Ball, location: 2F 0-2: Ball 1-2: Fly out, F8 (Flyball, 89S, EV 86.3 MPH)
|
Pitching: RHP Tom Smith
|
|
Batting: SHB Danny Torres
|
0-0: Called Strike 0-1: Foul Ball, location: 2F 0-2: Ball 1-2: Foul Ball, location: 2F 1-2: Foul Ball, location: 2F 1-2: Fly out, F7 (Flyball, 7S, EV 80.6 MPH)
|
Top of the 1st over - 1 run, 2 hits, 1 error, 2 left on base; El Paso 1 - El Paso 0 |
BOTTOM OF THE 1ST |
El Paso Chihuahuas batting - Pitching for El Paso Sun Kings : RHP Ignacio Sola
|
Pitching: RHP Ignacio Sola
|
|
Batting: LHB Andy Van Slyke
|
0-0: Ball 1-0: Ball 2-0: Ball 3-0: Called Strike 3-1: Base on Balls
|
Batting: RHB Steven Murray
|
0-0: Ball 1-0: Called Strike 1-1: Ball 2-1: Ball Andy Van Slyke steals 2nd base 3-1: Base on Balls
|
Batting: RHB Jesse Vann
|
0-0: Ball 1-0: Ball 2-0: Ball 3-0: Called Strike 3-1: Called Strike 3-2: Base on Balls Andy Van Slyke to third Steven Murray to second
|
Batting: LHB Jerry Littmann
|
0-0: Ball 1-0: Swinging Strike 1-1: Foul Ball, location: 2F 1-2: SINGLE (Flyball, 8LS, EV 90.0 MPH) Andy Van Slyke scores Steven Murray to third Jesse Vann to second Runner from 3rd tries for Home, SAFE, throw by CF to home
|
Batting: RHB Bill Lyons
|
0-0: Ball Wild Pitch! Jesse Vann to third Jerry Littmann to second 1-0: Fly out, F4 (Flyball, 4MD, EV 87.5 MPH)
|
Batting: LHB Matthew Vejar
|
0-0: Foul Ball, location: 2F 0-1: Swinging Strike 0-2: Foul Ball, location: 2F 0-2: Ball 1-2: Foul Ball, location: 2F 1-2: Strikes out swinging
|
Batting: LHB Dan Murphy
|
0-0: SINGLE (Flyball, 8LS, EV 91.9 MPH) Jesse Vann scores Jerry Littmann to third Runner from 3rd tries for Home, SAFE, throw by CF to home
|
Batting: RHB Leo George
|
0-0: Foul Ball, location: 2F 0-1: Called Strike 0-2: Foul Ball, location: 2F 0-2: Ball 1-2: Ball Dan Murphy steals 2nd base (no throw) 2-2: Fly out, F8 (Line Drive, 8RM, EV 87.5 MPH)
|
Bottom of the 1st over - 4 runs, 2 hits, 0 errors, 1 left on base; El Paso 1 - El Paso 4 |
TOP OF THE 2ND |
El Paso Sun Kings batting - Pitching for El Paso Chihuahuas : RHP Tom Smith
|
Batting: RHB Mike Anicich
|
0-0: Called Strike 0-1: Swinging Strike 0-2: DOUBLE (Flyball, 8LXD, EV 107.5 MPH)
|
Batting: RHB Carlos Rios
|
0-0: Ball 1-0: Foul Ball, location: 2F 1-1: Ball 2-1: Ground out 5-3 (Groundball, 56, EV 104.4 MPH)
|
Batting: RHB Lance Ediger
|
0-0: Ball 1-0: SINGLE (Groundball, 6MD, EV 95.6 MPH) Mike Anicich to third Runner from 3rd tries for Home, SAFE, throw by CF to home Lance Ediger to second
|
Batting: LHB Stanley Hendrickson
|
0-0: Ball 1-0: Ball 2-0: Ball 3-0: Base on Balls
|
Batting: LHB Franklin Lopez
|
0-0: Ball 1-0: Foul Ball, location: 2F 1-1: Ball 2-1: Ball 3-1: Swinging Strike 3-2: Base on Balls Lance Ediger to third Stanley Hendrickson to second
|
Batting: LHB Scott Bradley
|
0-0: Ball 1-0: SINGLE (Groundball, 4MS, EV 70.0 MPH) (infield hit) Lance Ediger scores Stanley Hendrickson to third Franklin Lopez to second
|
Batting: SHB Keith Thrower
|
0-0: Foul Ball, location: 2F 0-1: SINGLE (Groundball, 6MD, EV 99.4 MPH) Stanley Hendrickson scores Franklin Lopez to third Scott Bradley to second Runner from 3rd tries for Home, SAFE, throw by CF to home
|
Batting: RHB Jon Hansen
|
0-0: Ball 1-0: SINGLE (Line Drive, 7S, EV 99.4 MPH) Scott Bradley to third Keith Thrower to second
|
Batting: SHB Danny Torres
|
0-0: Ball 1-0: Called Strike 1-1: DOUBLE (Groundball, 3L, EV 106.3 MPH) Scott Bradley scores Keith Thrower scores Jon Hansen to third Runner from 3rd tries for Home, SAFE, throw by RF to trailing runner, SAFE at third!
|
Batting: RHB Mike Anicich
|
0-0: SINGLE (Groundball, 6MD, EV 97.5 MPH) Danny Torres scores
|
Pitching: RHP Manuel Adams
|
|
Batting: RHB Carlos Rios
|
0-0: Fly out, F2 (Popup, 2LF, EV 88.8 MPH)
|
Batting: RHB Lance Ediger
|
0-0: SINGLE (Line Drive, 7LS, EV 90.6 MPH) Mike Anicich to second
|
Batting: LHB Stanley Hendrickson
|
0-0: SINGLE (Flyball, 6D, EV 91.3 MPH) Mike Anicich to third Lance Ediger to second Runner from 3rd tries for Home, SAFE, throw by CF to home
|
Batting: LHB Franklin Lopez
|
0-0: Ball 1-0: Foul Ball, location: 2F 1-1: Foul Ball, location: 2F 1-2: SINGLE (Groundball, 4D, EV 105.6 MPH) Lance Ediger to third Stanley Hendrickson to second Runner from 3rd tries for Home, SAFE, throw by CF to home
|
Batting: LHB Scott Bradley
|
0-0: Ball 1-0: Fly out, F7 (Flyball, 7, EV 96.3 MPH)
|
Top of the 2nd over - 10 runs, 10 hits, 0 errors, 2 left on base; El Paso 11 - El Paso 4 |
BOTTOM OF THE 2ND |
El Paso Chihuahuas batting - Pitching for El Paso Sun Kings : RHP Ignacio Sola
|
Batting: RHB William Parmenter
|
0-0: Ball 1-0: SINGLE (Groundball, 4M, EV 106.9 MPH) (infield hit)
|
Batting: LHB Andy Van Slyke
|
0-0: Swinging Strike 0-1: Called Strike 0-2: SINGLE (Groundball, 56, EV 101.3 MPH) William Parmenter to second
|
Batting: RHB Steven Murray
|
0-0: Ball 1-0: Ball 2-0: Foul Ball, location: 2F 2-1: Ball 3-1: Called Strike 3-2: SINGLE (Line Drive, 78S, EV 86.9 MPH) William Parmenter to third Andy Van Slyke to second Runner from 3rd tries for Home, SAFE, throw by LF to home
|
Batting: RHB Jesse Vann
|
0-0: Ball 1-0: Ball 2-0: Called Strike 2-1: Ball 3-1: Foul Ball, location: 2F 3-2: Foul Ball, location: 2F 3-2: Base on Balls Andy Van Slyke to third Steven Murray to second
|
Batting: LHB Jerry Littmann
|
0-0: Ball 1-0: Ball 2-0: Called Strike 2-1: Fielders Choice at 2nd, 3-6 (Groundball, 13, EV 86.3 MPH) Andy Van Slyke scores Steven Murray to third
|
Batting: RHB Bill Lyons
|
0-0: Ball Jerry Littmann is caught stealing 2nd base 2-4 1-0: Called Strike 1-1: Called Strike 1-2: Ground out 5-3 (Groundball, 56, EV 76.9 MPH)
|
Bottom of the 2nd over - 2 runs, 3 hits, 0 errors, 1 left on base; El Paso 11 - El Paso 6 |
TOP OF THE 3RD |
El Paso Sun Kings batting - Pitching for El Paso Chihuahuas : RHP Manuel Adams
|
Batting: SHB Keith Thrower
|
0-0: Ball 1-0: Fly out, F9 (Flyball, 9D, EV 101.3 MPH)
|
Batting: RHB Jon Hansen
|
0-0: Ball 1-0: SINGLE (Line Drive, 4MD, EV 97.5 MPH)
|
Batting: SHB Danny Torres
|
0-0: Ball 1-0: Fly out, F7 (Flyball, 78S, EV 88.1 MPH)
|
Batting: RHB Mike Anicich
|
0-0: Ball 1-0: Foul Ball, location: 2F 1-1: Ground out 4-3 (Groundball, 4, EV 85.6 MPH)
|
Top of the 3rd over - 0 runs, 1 hit, 0 errors, 1 left on base; El Paso 11 - El Paso 6 |
BOTTOM OF THE 3RD |
El Paso Chihuahuas batting - Pitching for El Paso Sun Kings : RHP Ignacio Sola
|
Batting: LHB Matthew Vejar
|
0-0: Fly out, F4 (Flyball, 4MD, EV 85.6 MPH)
|
Batting: LHB Dan Murphy
|
0-0: Ground out U3 (Groundball, 3L, EV 83.8 MPH)
|
Batting: RHB Leo George
|
0-0: Foul Ball, location: 2F 0-1: Called Strike 0-2: Ball 1-2: Ball 2-2: Foul Ball, location: 2F 2-2: Ball 3-2: Foul Ball, location: 2F 3-2: Ground out 6-3 (Groundball, 6, EV 81.9 MPH)
|
Bottom of the 3rd over - 0 runs, 0 hits, 0 errors, 0 left on base; El Paso 11 - El Paso 6 |
TOP OF THE 4TH |
El Paso Sun Kings batting - Pitching for El Paso Chihuahuas : RHP Manuel Adams
|
Batting: RHB Carlos Rios
|
0-0: Fly out, F8 (Flyball, 89XD, EV 95.0 MPH)
|
Batting: RHB Lance Ediger
|
0-0: Ground out 5-3 (Groundball, 56, EV 110.0 MPH)
|
Batting: LHB Stanley Hendrickson
|
0-0: Ball 1-0: Ground out 2-3 (Groundball, 2L, EV 71.9 MPH)
|
Top of the 4th over - 0 runs, 0 hits, 0 errors, 0 left on base; El Paso 11 - El Paso 6 |
BOTTOM OF THE 4TH |
El Paso Chihuahuas batting - Pitching for El Paso Sun Kings : RHP Ignacio Sola
|
Batting: RHB William Parmenter
|
0-0: Ball 1-0: Foul Ball, location: 2F 1-1: Foul Ball, location: 2F 1-2: Ball 2-2: Ball 3-2: Base on Balls
|
Batting: LHB Andy Van Slyke
|
0-0: Ball 1-0: Ball 2-0: Ball 3-0: Called Strike 3-1: Base on Balls William Parmenter to second
|
Pitching: RHP Charlie Puleo
|
|
Batting: RHB Steven Murray
|
0-0: Ball 1-0: Foul Ball, location: 2F 1-1: DOUBLE (Line Drive, 89XD, EV 102.5 MPH) William Parmenter scores Andy Van Slyke to third
|
Batting: RHB Jesse Vann
|
0-0: Called Strike 0-1: Foul Ball, location: 2F 0-2: Foul Ball, location: 2F 0-2: Strikes out swinging
|
Batting: LHB Jerry Littmann
|
0-0: Called Strike 0-1: Fly out, F6 (Line Drive, 6, EV 76.9 MPH)
|
Batting: RHB Bill Lyons
|
0-0: Ball 1-0: Ball 2-0: Swinging Strike 2-1: Swinging Strike 2-2: Foul Ball, location: 2F 2-2: Fly out, F9 (Flyball, 9, EV 86.3 MPH)
|
Bottom of the 4th over - 1 run, 1 hit, 0 errors, 2 left on base; El Paso 11 - El Paso 7 |
TOP OF THE 5TH |
El Paso Sun Kings batting - Pitching for El Paso Chihuahuas : RHP Manuel Adams
|
Batting: LHB Franklin Lopez
|
0-0: Called Strike 0-1: Ball 1-1: Foul Ball, location: 2F 1-2: Fly out, F5 (Line Drive, 5, EV 67.5 MPH)
|
Batting: LHB Scott Bradley
|
0-0: Ball 1-0: Foul Ball, location: 2F 1-1: Ground out 6-3 (Groundball, 6, EV 78.1 MPH)
|
Batting: SHB Keith Thrower
|
0-0: Called Strike 0-1: Called Strike 0-2: Ball 1-2: SINGLE (Groundball, 56D, EV 95.6 MPH)
|
Batting: RHB Jon Hansen
|
0-0: Ball 1-0: Ball 2-0: Called Strike 2-1: SINGLE (Line Drive, 78S, EV 91.9 MPH) Keith Thrower to second Runner from 2nd tries for 3rd, SAFE, no throw by LF
|
Batting: SHB Danny Torres
|
0-0: Foul Ball, location: 2F Pickoff Throw to First - Error! E1 Keith Thrower scores Jon Hansen to second 0-1: SINGLE (Line Drive, 9S, EV 101.3 MPH) Jon Hansen to third Runner from 3rd tries for Home, SAFE, throw by RF to home
|
Batting: RHB Mike Anicich
|
0-0: Ball 1-0: Foul Ball, location: 2F 1-1: Ball Wild Pitch! Danny Torres to second 2-1: Ball 3-1: Base on Balls
|
Batting: RHB Carlos Rios
|
0-0: Ball 1-0: Called Strike 1-1: Called Strike 1-2: Foul Ball, location: 2F 1-2: Foul Ball, location: 2F 1-2: Foul Ball, location: 2F 1-2: Fielders Choice at 2nd, 5-4 (Groundball, 56, EV 90.0 MPH)
|
Top of the 5th over - 2 runs, 3 hits, 1 error, 2 left on base; El Paso 13 - El Paso 7 |
BOTTOM OF THE 5TH |
El Paso Chihuahuas batting - Pitching for El Paso Sun Kings : RHP Charlie Puleo
|
Batting: LHB Matthew Vejar
|
0-0: Reached on error, E6 (Groundball, 6S, EV 78.8 MPH)
|
Batting: LHB Dan Murphy
|
0-0: Foul Ball, location: 2F 0-1: Ball 1-1: Foul Ball, location: 2F 1-2: Ball 2-2: Ball 3-2: Grounds into double play, 4-6-3 (Groundball, 4, EV 95.0 MPH)
|
Batting: RHB Leo George
|
0-0: Called Strike 0-1: Foul Ball, location: 2F 0-2: Foul Ball, location: 2F 0-2: Foul Ball, location: 2F 0-2: Strikes out looking
|
Bottom of the 5th over - 0 runs, 0 hits, 1 error, 0 left on base; El Paso 13 - El Paso 7 |
TOP OF THE 6TH |
El Paso Sun Kings batting - Pitching for El Paso Chihuahuas : RHP Manuel Adams
|
Batting: RHB Lance Ediger
|
0-0: Ball 1-0: Swinging Strike 1-1: Ground out 6-3 (Groundball, 6, EV 102.5 MPH)
|
Batting: LHB Stanley Hendrickson
|
0-0: Called Strike 0-1: SINGLE (Line Drive, 6D, EV 101.3 MPH)
|
Batting: LHB Franklin Lopez
|
0-0: Ball Wild Pitch! Stanley Hendrickson to second 1-0: SINGLE (Flyball, 8RS, EV 91.3 MPH) Stanley Hendrickson to third Runner from 3rd tries for Home, SAFE, throw by CF to home Franklin Lopez to second
|
Batting: LHB Scott Bradley
|
0-0: Ground out 4-3 (Groundball, 34, EV 103.1 MPH) Franklin Lopez to third
|
Batting: SHB Keith Thrower
|
0-0: Ball 1-0: Foul Ball, location: 2F 1-1: Swinging Strike 1-2: Ground out U3 (Groundball, 34, EV 105.6 MPH)
|
Top of the 6th over - 1 run, 2 hits, 0 errors, 1 left on base; El Paso 14 - El Paso 7 |
BOTTOM OF THE 6TH |
El Paso Chihuahuas batting - Pitching for El Paso Sun Kings : RHP Charlie Puleo
|
Batting: RHB William Parmenter
|
0-0: Foul Ball, location: 2F 0-1: Ball 1-1: Foul Ball, location: 2F 1-2: Ball 2-2: Ground out 4-3 (Groundball, 4, EV 95.6 MPH)
|
Batting: LHB Andy Van Slyke
|
0-0: Fly out, F4 (Popup, 34, EV 62.5 MPH)
|
Batting: RHB Steven Murray
|
0-0: Called Strike 0-1: Foul Ball, location: 2F 0-2: Foul Ball, location: 2F 0-2: Ball 1-2: Ball 2-2: Strikes out looking
|
Bottom of the 6th over - 0 runs, 0 hits, 0 errors, 0 left on base; El Paso 14 - El Paso 7 |
TOP OF THE 7TH |
El Paso Sun Kings batting - Pitching for El Paso Chihuahuas : RHP Manuel Adams
|
Pitching: RHP Gordon Gauntlett
|
|
Batting: RHB Jon Hansen
|
0-0: Ball 1-0: Called Strike 1-1: Ball 2-1: Swinging Strike 2-2: Fly out, F9 (Flyball, 9, EV 90.6 MPH)
|
Pinch Hitting: RHB Bradley Baker
|
0-0: Ball 1-0: Ball 2-0: Ball 3-0: Base on Balls
|
Pinch Hitting: RHB James Barbe
|
0-0: Ball 1-0: Ball 2-0: Foul Ball, location: 2F 2-1: Ball 3-1: Foul Ball, location: 2F 3-2: Fly out, F9 (Flyball, 9, EV 89.4 MPH)
|
Batting: RHB Carlos Rios
|
0-0: Ball 1-0: Ground out 5-3 (Groundball, 56S, EV 85.6 MPH)
|
Top of the 7th over - 0 runs, 0 hits, 0 errors, 1 left on base; El Paso 14 - El Paso 7 |
BOTTOM OF THE 7TH |
El Paso Chihuahuas batting - Pitching for El Paso Sun Kings : RHP Charlie Puleo
|
Now at 1B: James Barbe
|
|
Now at 3B: Bradley Baker
|
|
Pinch Hitting: RHB David Harrigan
|
0-0: Ball 1-0: Called Strike 1-1: Ball 2-1: Ball 3-1: Called Strike 3-2: Foul Ball, location: 2F 3-2: Base on Balls
|
Batting: LHB Jerry Littmann
|
0-0: Swinging Strike 0-1: Called Strike 0-2: Ball 1-2: Ball 2-2: Foul Ball, location: 2F 2-2: Ball 3-2: Strikes out swinging
|
Pinch Hitting: RHB Antonio Pilla
|
0-0: Called Strike 0-1: Called Strike 0-2: Strikes out swinging
|
Batting: LHB Matthew Vejar
|
0-0: Ball 1-0: Ball 2-0: Called Strike 2-1: Called Strike 2-2: Ground out 5-3 (Groundball, 56, EV 88.8 MPH)
|
Bottom of the 7th over - 0 runs, 0 hits, 0 errors, 1 left on base; El Paso 14 - El Paso 7 |
TOP OF THE 8TH |
El Paso Sun Kings batting - Pitching for El Paso Chihuahuas : RHP Gordon Gauntlett
|
Now at 1B: Stine Poole
|
|
Now at 3B: Antonio Pilla
|
|
Batting: RHB Lance Ediger
|
0-0: Called Strike 0-1: Ball 1-1: Ball 2-1: Foul Ball, location: 2F 2-2: DOUBLE (Line Drive, 9LM, EV 106.9 MPH)
|
Pinch Hitting: RHB William Cline
|
0-0: Foul Ball, location: 2F 0-1: Foul Ball, location: 2F 0-2: Ball 1-2: Ball 2-2: Ball 3-2: Foul Ball, location: 2F 3-2: SINGLE (Groundball, 56D, EV 95.0 MPH) Lance Ediger to third Runner from 3rd tries for Home, SAFE, throw by LF to home
|
Batting: LHB Franklin Lopez
|
0-0: Ball 1-0: SINGLE (Line Drive, 4MD, EV 108.8 MPH) William Cline to second William Cline to third
|
Batting: LHB Scott Bradley
|
0-0: Fly out, F6 (Flyball, 5D, EV 96.3 MPH)
|
Batting: SHB Keith Thrower
|
0-0: Ball 1-0: Ball 2-0: Ball 3-0: Called Strike 3-1: Foul Ball, location: 2F 3-2: Base on Balls Franklin Lopez to second
|
Batting: RHB Jon Hansen
|
0-0: Ball 1-0: Called Strike 1-1: Foul Ball, location: 2F 1-2: Ball Wild Pitch! William Cline scores Franklin Lopez to third Keith Thrower to second 2-2: Ball 3-2: Fly out, F8 (Flyball, 8RS, EV 80.6 MPH)
|
Batting: RHB Bradley Baker
|
0-0: Ground out 5-3 (Groundball, 56, EV 89.4 MPH)
|
Top of the 8th over - 2 runs, 3 hits, 0 errors, 2 left on base; El Paso 16 - El Paso 7 |
BOTTOM OF THE 8TH |
El Paso Chihuahuas batting - Pitching for El Paso Sun Kings : RHP Charlie Puleo
|
Now in LF: Jimmy Waugh
|
|
Batting: LHB Dan Murphy
|
0-0: Ground out 6-3 (Groundball, 6M, EV 83.8 MPH)
|
Batting: RHB Leo George
|
0-0: Ball 1-0: Called Strike 1-1: Foul Ball, location: 2F 1-2: Ball 2-2: Strikes out swinging
|
Pinch Hitting: SHB Otis Tramble
|
0-0: Ground out 4-3 (Groundball, 34D, EV 91.9 MPH)
|
Bottom of the 8th over - 0 runs, 0 hits, 0 errors, 0 left on base; El Paso 16 - El Paso 7 |
TOP OF THE 9TH |
El Paso Sun Kings batting - Pitching for El Paso Chihuahuas : RHP Gordon Gauntlett
|
Now at SS: Otis Tramble
|
|
Batting: RHB James Barbe
|
0-0: Ball 1-0: Called Strike 1-1: Fly out, F9 (Flyball, 9, EV 80.0 MPH)
|
Batting: RHB Carlos Rios
|
0-0: Called Strike 0-1: Ball 1-1: SINGLE (Line Drive, 7S, EV 103.1 MPH)
|
Batting: RHB Lance Ediger
|
0-0: Foul Ball, location: 2F 0-1: SINGLE (Flyball, 4MD, EV 95.0 MPH) Carlos Rios to second
|
Batting: RHB Jimmy Waugh
|
0-0: Fly out, F9 (Flyball, 9S, EV 83.8 MPH)
|
Batting: LHB Franklin Lopez
|
0-0: Ball 1-0: Ball 2-0: Ball 3-0: Called Strike 3-1: Base on Balls Carlos Rios to third Lance Ediger to second
|
Batting: LHB Scott Bradley
|
0-0: Foul Ball, location: 2F 0-1: Foul Ball, location: 2F 0-2: Ball 1-2: Hit by Pitch Carlos Rios scores Lance Ediger to third Franklin Lopez to second
|
Pitching: RHP Rick DeLoach
|
|
Batting: SHB Keith Thrower
|
0-0: Foul Ball, location: 2F 0-1: SINGLE (Flyball, 8RS, EV 88.8 MPH) Lance Ediger scores Franklin Lopez to third Scott Bradley to second Runner from 3rd tries for Home, SAFE, throw by CF to home
|
Batting: RHB Jon Hansen
|
0-0: Called Strike 0-1: Ball 1-1: SINGLE (Flyball, 78S, EV 94.4 MPH) Scott Bradley to third Keith Thrower to second Runner from 3rd tries for Home, SAFE, throw by LF to home
|
Batting: RHB Bradley Baker
|
0-0: Ball 1-0: Called Strike 1-1: Swinging Strike 1-2: Foul Ball, location: 2F 1-2: DOUBLE (Line Drive, 89D, EV 105.0 MPH) Keith Thrower scores Jon Hansen to third Runner from 3rd tries for Home, SAFE, throw by CF to trailing runner, SAFE at third!
|
Batting: RHB James Barbe
|
0-0: Ball 1-0: Ball 2-0: Ground out 4-3 (Groundball, 4M, EV 109.4 MPH)
|
Top of the 9th over - 6 runs, 5 hits, 0 errors, 1 left on base; El Paso 22 - El Paso 7 |
BOTTOM OF THE 9TH |
El Paso Chihuahuas batting - Pitching for El Paso Sun Kings : RHP Charlie Puleo
|
Batting: LHB Andy Van Slyke
|
0-0: Foul Ball, location: 2F 0-1: Swinging Strike 0-2: Foul Ball, location: 2F 0-2: Fly out, F4 (Popup, 4D, EV 53.8 MPH)
|
Batting: RHB Steven Murray
|
0-0: Ball 1-0: Ball 2-0: Ball 3-0: Base on Balls
|
Pitching: RHP James Rogers
|
|
Batting: RHB Stine Poole
|
0-0: Ball 1-0: Foul Ball, location: 2F 1-1: Ball 2-1: Fly out, F9 (Line Drive, 9D, EV 87.5 MPH)
|
Batting: LHB Jerry Littmann
|
0-0: Called Strike 0-1: Foul Ball, location: 2F 0-2: Ball 1-2: Foul Ball, location: 2F 1-2: Ball 2-2: Ball 3-2: DOUBLE (Line Drive, 78M, EV 92.5 MPH) Steven Murray to third Steven Murray scores
|
Pinch Hitting: RHB Frederick DeVito
|
0-0: Ball 1-0: Ball 2-0: Ball 3-0: Base on Balls
|
Pinch Hitting: RHB Manny Guerrero
|
0-0: Ball 1-0: Ball 2-0: Foul Ball, location: 2F 2-1: Ball 3-1: Fly out, F9 (Flyball, 9D, EV 107.5 MPH)
|
Bottom of the 9th over - 1 run, 1 hit, 0 errors, 2 left on base; El Paso 22 - El Paso 8 |
|